 Dungeon Crawl Stone Soup version 0.21.1-1-g345015f (webtiles) character file.

190 diana the Ducker (level 5, -1/37 HPs)
             Began as a Merfolk Transmuter on June 1, 2018.
             Slain by a centaur skeleton (7 damage)
             ... on level 4 of the Dungeon.
             The game lasted 00:07:02 (4103 turns).

diana the Ducker (Merfolk Transmuter)               Turns: 4103, Time: 00:07:03

Health: -1/37      AC:  2    Str: 11    XL:     5   Next: 69%
Magic:  7/8        EV: 18    Int: 12    God:
Gold:   151        SH:  0    Dex: 15    Spells: 7/8 levels left

rFire    . . .     SeeInvis .     - Unarmed
rCold    . . .     Gourm    .   (no shield)
rNeg     . . .     Faith    .   b - +0 robe
rPois    .         Spirit   .   (no helmet)
rElec    .         Reflect  .   (no cloak)
rCorr    .         Harm     .   (no gloves)
MR       .....                  (boots currently unavailable)
Stlth    ++........             (no amulet)
HPRegen  0.12/turn              (no ring)
MPRegen  0.11/turn              (no ring)

@: appendage, very quick
A: change form in water, swift swim, stealthy swim, horns 2
a: End Transformation


You were on level 4 of the Dungeon.
You were not hungry.
You had grown temporary horns.
You visited 1 branch of the dungeon, and saw 4 of its levels.

You collected 151 gold pieces.

Inventory:

Missiles
 a - 44 arrows
Armour
 b - a +0 robe (worn)
Scrolls
 e - a scroll of teleportation {unknown}
 f - 2 scrolls of identify {unknown}
 h - 2 scrolls of blinking {unknown}
 i - a scroll of remove curse {unknown}
 j - a scroll of magic mapping {unknown}
Potions
 g - a potion of flight
 k - 2 potions of heal wounds {unknown}
 l - a potion of curing {unknown}
 m - a potion of agility {unknown}
 n - a potion of haste {unknown}
Books
 c - a book of Changes

   Spells                             Type                      Level
   a - Beastly Appendage              Transmutation                1
   b - Sticks to Snakes               Transmutation                2
   c - Spider Form                    Transmutation/Poison         3
   d - Ice Form                       Ice/Transmutation            4
   e - Blade Hands                    Transmutation                5
Comestibles
 d - 5 rations


   Skills:
 - Level 1.1 Fighting
 + Level 4.9 Dodging
 + Level 4.7 Unarmed Combat
 - Level 2.0 Spellcasting
 + Level 4.8 Transmutations


You had 7 spell levels left.
You knew the following spells:

 Your Spells              Type           Power        Failure   Level  Hunger
a - Beastly Appendage     Tmut           ##....       3%          1    ##.....


Dungeon Overview and Level Annotations

Branches:
Dungeon (4/15)
 Temple: D:4-7

Altars:
Elyvilon

Annotations:
D:2 1 runed door, Sigmund


Innate Abilities, Weirdness & Mutations

You revert to your normal form in water.
You are very nimble and swift while swimming.
You are very stealthy in the water. (Stealth+)
You have a pair of horns on your head.


Message History

You are too injured to fight recklessly!
You hit the centaur skeleton.
The centaur skeleton is lightly damaged.
The centaur skeleton barely misses you.
You punch the centaur skeleton!
The centaur skeleton is moderately damaged.
The centaur skeleton closely misses you.
You hit the centaur skeleton.
The centaur skeleton is heavily damaged.
The centaur skeleton misses you.
You hit the centaur skeleton but do no damage.
You punch the centaur skeleton.
The centaur skeleton is heavily damaged.
The centaur skeleton hits you.
* * * LOW HITPOINT WARNING * * *
The centaur skeleton barely misses you.
You completely miss the centaur skeleton.
The centaur skeleton is heavily damaged.
The centaur skeleton hits you!
You die...

♣...≈≈≈...♣
♣♣....(..♣♣
♣♣.l...♣♣
♣♣...♣♣
♣♣.....♣♣
♣♣.......♣♣ ..
♣...≈≈≈†..♣ ..
#..≈≈≈≈≈..#
..###[.Z@♣≈≈..#
..<...≈≈≈≈≈..#
.......≈≈≈...#
#.#.#.......##
#.#.#......##
#.###.#......###
# #.........####
#.#######.#.#.#
.........#.#.###


You could see an iguana and a centaur skeleton.

Vanquished Creatures
  A bullfrog skeleton (D:4)
  A centaur skeleton (D:4)
  Terence (D:2)
  3 adders
  2 worms
  2 dart slugs (D:1)
  3 leopard geckos
  4 orcs
  6 giant cockroaches
  8 goblins
  5 hobgoblins
  3 jackals
  10 kobolds
  2 quokkas
  A ball python (D:1)
  7 bats
  2 frilled lizards
  3 rats (D:1)
64 creatures vanquished.

Notes
Turn   | Place    | Note
-------+----------+-------------------------------------------
     0 | D:1      | diana the Merfolk Transmuter began the quest for the Orb.
     0 | D:1      | Reached XP level 1. HP: 15/15 MP: 3/3
   114 | D:1      | Reached XP level 2. HP: 14/21 MP: 3/5
   585 | D:1      | HP: 1/21 [hobgoblin/club (5)]
   995 | D:1      | Reached XP level 3. HP: 26/26 MP: 6/6
  1685 | D:2      | Noticed Terence
  1924 | D:2      | Killed Terence
  1924 | D:2      | Reached XP level 4. HP: 18/32 MP: 7/7
  2114 | D:2      | Noticed Sigmund
  2713 | D:2      | Found a runed door.
  3387 | D:2      | Reached XP level 5. HP: 10/37 MP: 8/8
  3985 | D:3      | Noticed an orc warrior
  4040 | D:4      | Found a white marble altar of Elyvilon.
  4103 | D:4      | Slain by a centaur skeleton

Skill      XL: |  1  2  3 |
---------------+----------+-----
Dodging        | 3 4 |  4.9
Transmutations | 3 4 |  4.8
Unarmed Combat | 4 |  4.7
Fighting       | |  1.1
Spellcasting   | |  2.0

Action                   |  1- 3 |  4- 6 || total
-------------------------+-------+-------++-------
Melee: Unarmed           |   138 |   120 ||   258
       Headbutt          |    14 |    15 ||    29
       Punch             |     1 |     2 ||     3
       Tailslap          |       |     3 ||     3
 Cast: Beastly Appendage |    18 |    20 ||    38
  Use: Potion            |       |     1 ||     1
 Stab: Sleeping          |     1 |     1 ||     2
  Eat: Chunk             |     4 |     7 ||    11
Armor: Robe              |    27 |    23 ||    50
Dodge: Dodged            |   112 |   149 ||   261
